General information
- name: BNet
- type: Ladder team game (AT/RT)
- host: Battle.net
- saver: TacoBellSwamp
map: TurtleRock
- players: 4
- length: 52:01
- speed: Fast
- version: 1.24 W3XP
- replay type:

» download(253 KB)
Players
team 1 (winner)
NerotendoLXIV (
blue | 72 APM | 3758 actions | 52:00)
7 Blademaster
3 Wind Walk
3 Critical Strike
1 Bladestorm
» actions
| Assign group hotkey | 17 | |
| Basic commands | 65 | |
| Build / train | 80 | |
| ESC pressed | 3 | |
| Enter build submenu | 99 | |
| Enter hero's abilities submenu | 7 | |
| Give item / drop item | 4 | |
| Remove unit from queue | 3 | |
| Right click | 2339 | |
| Select / deselect | 595 | |
| Select group hotkey | 264 | |
| Use ability | 282 | |
3758 total
» units
| Peon | 21 | |
| Troll Batrider | 19 | |
| Troll Witch Doctor | 1 | |
41 total
» upgrades
| Liquid Fire | 1 | |
| Ranged Weapons | 3 | |
| Reinforced Defenses | 1 | |
| Armor | 3 | |
| Witch Doctor Training | 2 | |
| Spiked Barricades | 1 | |
11 total
» buildings
| Orc Burrow | 33 | |
| Altar of Storms | 1 | |
| War Mill | 1 | |
| Voodoo Lounge | 2 | |
| Watch Tower | 51 | |
| Stronghold | 1 | |
| Fortress | 1 | |
| Beastiary | 2 | |
| Great Hall | 4 | |
| Spirit Lodge | 1 | |
97 total
» build order
00:26 Orc Burrow
00:31 Orc Burrow
00:33 Altar of Storms
00:44 War Mill
01:27 Voodoo Lounge
01:57 Watch Tower
02:13 Orc Burrow
02:28 Watch Tower
02:52 Watch Tower
03:29 Watch Tower
03:35 Watch Tower
04:22 Stronghold
04:49 Watch Tower
05:14 Watch Tower
05:54 Watch Tower
05:58 Watch Tower
06:03 Orc Burrow
06:21 Watch Tower
06:48 Fortress
06:51 Beastiary
06:59 Beastiary
07:17 Orc Burrow
07:35 Voodoo Lounge
15:47 Great Hall
16:31 Watch Tower
16:32 Watch Tower
16:34 Watch Tower
17:54 Watch Tower
17:55 Watch Tower
17:56 Watch Tower
19:00 Watch Tower
19:02 Watch Tower
19:03 Watch Tower
20:30 Watch Tower
20:31 Watch Tower
20:33 Watch Tower
21:37 Watch Tower
21:38 Watch Tower
21:41 Watch Tower
21:46 Great Hall
21:49 Watch Tower
21:53 Watch Tower
21:55 Watch Tower
21:57 Watch Tower
22:00 Watch Tower
22:41 Watch Tower
22:43 Watch Tower
22:52 Watch Tower
23:01 Watch Tower
25:14 Spirit Lodge
25:21 Watch Tower
25:22 Watch Tower
25:23 Watch Tower
25:24 Watch Tower
32:38 Watch Tower
32:41 Watch Tower
32:43 Watch Tower
32:46 Great Hall
33:48 Watch Tower
33:49 Watch Tower
33:50 Watch Tower
35:07 Watch Tower
35:08 Watch Tower
35:11 Watch Tower
37:13 Great Hall
37:29 Watch Tower
37:31 Watch Tower
37:31 Watch Tower
37:33 Watch Tower
46:48 Orc Burrow
46:56 Orc Burrow
47:00 Orc Burrow
47:03 Orc Burrow
47:07 Orc Burrow
47:16 Orc Burrow
47:19 Orc Burrow
47:26 Orc Burrow
47:45 Orc Burrow
47:52 Orc Burrow
47:58 Orc Burrow
48:02 Orc Burrow
48:12 Orc Burrow
48:24 Orc Burrow
48:39 Orc Burrow
48:55 Orc Burrow
49:07 Orc Burrow
49:21 Orc Burrow
49:35 Orc Burrow
49:48 Orc Burrow
50:02 Orc Burrow
50:19 Orc Burrow
50:34 Orc Burrow
50:42 Orc Burrow
51:01 Orc Burrow
51:16 Orc Burrow
51:35 Orc Burrow
51:42 Orc Burrow
» items
| Boots of Speed | 1 | |
| Staff of Teleportation | 1 | |
| Healing Salve | 4 | |
| Lesser Clarity Potion | 7 | |
| Orb of Lightning | 1 | |
| Potion of Lesser Invulnerability | 1 | |
15 total
TacoBellSwamp (
green | 105 APM | 5445 actions | 52:01)
5 Archmage
3 Blizzard
2 Brilliance Aura
5 Mountain King
3 Storm Bolt
2 Bash
» actions
| Assign group hotkey | 17 | |
| Basic commands | 8 | |
| Build / train | 129 | |
| Enter build submenu | 76 | |
| Enter hero's abilities submenu | 10 | |
| Give item / drop item | 3 | |
| Right click | 3365 | |
| Select / deselect | 549 | |
| Select group hotkey | 1022 | |
| Use ability | 266 | |
5445 total
» units
| Peasant | 20 | |
| Dragonhawk Rider | 7 | |
27 total
» upgrades
| Masonry | 3 | |
| Lumber Harvesting | 2 | |
| Swords | 3 | |
| Animal War Training | 1 | |
| Armor | 3 | |
| Cloud | 1 | |
13 total
» buildings
| Altar of Kings | 1 | |
| Farm | 9 | |
| Lumber Mill | 1 | |
| Scout Tower | 98 | |
| Arcane Tower | 6 | |
| Guard Tower | 51 | |
| Arcane Vault | 1 | |
| Keep | 2 | |
| Gryphon Aviary | 3 | |
| Blacksmith | 1 | |
| Barracks | 1 | |
| Castle | 1 | |
| Town Hall | 4 | |
| Arcane Sanctum | 1 | |
180 total
» build order
00:08 Altar of Kings
00:18 Farm
00:56 Farm
00:58 Farm
01:04 Lumber Mill
01:45 Scout Tower
02:08 Scout Tower
02:18 Arcane Tower
02:31 Scout Tower
02:32 Scout Tower
02:59 Guard Tower
03:14 Guard Tower
03:35 Guard Tower
03:36 Arcane Vault
03:37 Scout Tower
04:13 Keep
04:14 Keep
04:47 Scout Tower
04:48 Scout Tower
05:33 Guard Tower
06:02 Guard Tower
06:03 Scout Tower
06:05 Scout Tower
06:37 Guard Tower
07:15 Guard Tower
07:16 Scout Tower
07:17 Scout Tower
07:18 Scout Tower
07:19 Scout Tower
07:50 Guard Tower
08:17 Guard Tower
08:29 Gryphon Aviary
08:32 Gryphon Aviary
08:40 Blacksmith
08:42 Barracks
08:48 Guard Tower
09:35 Castle
10:05 Guard Tower
10:52 Farm
10:54 Farm
10:55 Farm
10:56 Farm
11:28 Farm
11:29 Farm
13:07 Town Hall
13:12 Scout Tower
13:13 Scout Tower
13:14 Scout Tower
13:14 Scout Tower
13:15 Scout Tower
13:16 Scout Tower
13:17 Scout Tower
13:18 Scout Tower
13:21 Scout Tower
13:26 Scout Tower
13:26 Scout Tower
13:41 Guard Tower
13:45 Arcane Tower
14:13 Guard Tower
14:16 Guard Tower
14:29 Guard Tower
14:33 Guard Tower
14:34 Guard Tower
14:49 Guard Tower
15:02 Guard Tower
15:46 Scout Tower
15:46 Scout Tower
15:47 Scout Tower
15:48 Scout Tower
15:49 Scout Tower
15:49 Scout Tower
15:50 Scout Tower
16:16 Guard Tower
16:27 Scout Tower
16:28 Scout Tower
16:28 Scout Tower
16:29 Scout Tower
16:59 Guard Tower
17:45 Guard Tower
17:47 Guard Tower
18:31 Guard Tower
18:57 Guard Tower
20:08 Scout Tower
20:09 Scout Tower
20:10 Scout Tower
20:12 Scout Tower
20:14 Scout Tower
20:15 Scout Tower
20:15 Scout Tower
21:05 Town Hall
21:11 Guard Tower
21:12 Scout Tower
21:12 Scout Tower
21:14 Scout Tower
22:27 Guard Tower
22:37 Guard Tower
23:23 Scout Tower
23:24 Scout Tower
23:25 Scout Tower
23:26 Scout Tower
24:18 Guard Tower
24:18 Scout Tower
24:19 Scout Tower
24:20 Scout Tower
24:20 Scout Tower
24:59 Scout Tower
24:59 Scout Tower
25:03 Guard Tower
25:05 Scout Tower
25:05 Scout Tower
25:06 Scout Tower
25:20 Guard Tower
25:25 Scout Tower
25:25 Scout Tower
25:34 Arcane Tower
25:35 Guard Tower
25:36 Scout Tower
25:38 Scout Tower
25:59 Arcane Tower
26:00 Guard Tower
26:00 Guard Tower
27:02 Guard Tower
30:03 Town Hall
30:06 Scout Tower
30:07 Scout Tower
30:07 Scout Tower
30:08 Scout Tower
30:10 Scout Tower
30:10 Scout Tower
30:11 Scout Tower
30:11 Scout Tower
30:12 Scout Tower
30:35 Guard Tower
31:55 Scout Tower
31:56 Scout Tower
31:56 Scout Tower
31:57 Scout Tower
31:59 Scout Tower
31:59 Scout Tower
32:00 Scout Tower
32:01 Scout Tower
32:03 Scout Tower
32:03 Scout Tower
32:04 Scout Tower
32:05 Scout Tower
32:06 Scout Tower
32:07 Scout Tower
32:08 Scout Tower
32:09 Scout Tower
32:10 Scout Tower
32:10 Scout Tower
32:11 Scout Tower
32:12 Scout Tower
32:21 Guard Tower
32:50 Arcane Tower
32:50 Guard Tower
32:50 Guard Tower
32:51 Guard Tower
32:51 Guard Tower
33:22 Guard Tower
33:23 Guard Tower
33:23 Guard Tower
33:23 Guard Tower
33:23 Guard Tower
34:00 Guard Tower
35:35 Guard Tower
35:39 Gryphon Aviary
35:54 Town Hall
36:19 Guard Tower
36:23 Scout Tower
36:24 Scout Tower
36:24 Scout Tower
36:25 Scout Tower
36:25 Scout Tower
36:26 Scout Tower
36:26 Scout Tower
37:19 Arcane Tower
38:11 Arcane Sanctum
44:01 Guard Tower
» items
| Scroll of Regeneration | 3 | |
| Boots of Speed | 2 | |
| Staff of Teleportation | 2 | |
| Healing Salve | 3 | |
| Staff of Sanctuary | 2 | |
| Orb of Lightning | 1 | |
| Lesser Clarity Potion | 2 | |
| Scroll of Town Portal | 1 | |
16 total
team 2 (loser)
Cathelwin (
orange | 68 APM | 3479 actions | 51:04)
4 Archmage
2 Summon Water Elemental
2 Brilliance Aura
2 Mountain King
1 Storm Bolt
1 Bash
» actions
| Assign group hotkey | 51 | |
| Basic commands | 215 | |
| Build / train | 92 | |
| ESC pressed | 10 | |
| Enter build submenu | 42 | |
| Enter hero's abilities submenu | 6 | |
| Give item / drop item | 3 | |
| Remove unit from queue | 3 | |
| Right click | 1176 | |
| Select / deselect | 1244 | |
| Select group hotkey | 422 | |
| Use ability | 215 | |
3479 total
» units
| Peasant | 8 | |
| Footman | 9 | |
| Sorceress | 1 | |
| Spell Breaker | 1 | |
| Mortar Team | 7 | |
| Dragonhawk Rider | 2 | |
| Flying Machine | 11 | |
| Siege Engine | 5 | |
44 total
» upgrades
| Defend | 1 | |
| Lumber Harvesting | 2 | |
| Sorceress Training | 1 | |
| Animal War Training | 1 | |
| Flare | 1 | |
| Fragmentation Shards | 1 | |
| Flak Cannons | 1 | |
| Barrage | 1 | |
| Cloud | 1 | |
| Gunpowder | 1 | |
11 total
» buildings
| Altar of Kings | 1 | |
| Barracks | 1 | |
| Farm | 11 | |
| Arcane Vault | 1 | |
| Scout Tower | 19 | |
| Arcane Tower | 1 | |
| Lumber Mill | 1 | |
| Keep | 1 | |
| Guard Tower | 18 | |
| Blacksmith | 1 | |
| Arcane Sanctum | 3 | |
| Castle | 1 | |
| Workshop | 2 | |
| Gryphon Aviary | 1 | |
| Town Hall | 1 | |
63 total
» build order
00:08 Altar of Kings
00:13 Barracks
00:18 Farm
00:54 Farm
01:33 Farm
02:15 Arcane Vault
02:28 Scout Tower
02:55 Farm
02:57 Arcane Tower
03:01 Lumber Mill
03:40 Farm
03:56 Keep
04:18 Farm
05:07 Scout Tower
05:47 Guard Tower
05:51 Scout Tower
06:18 Blacksmith
06:20 Guard Tower
06:25 Arcane Sanctum
07:18 Arcane Sanctum
07:24 Arcane Sanctum
08:31 Castle
08:49 Farm
09:49 Workshop
11:11 Workshop
11:27 Gryphon Aviary
12:23 Scout Tower
12:53 Guard Tower
12:53 Guard Tower
13:10 Scout Tower
13:43 Farm
13:49 Guard Tower
14:31 Scout Tower
15:19 Guard Tower
15:25 Scout Tower
15:54 Scout Tower
16:00 Guard Tower
16:29 Guard Tower
16:35 Scout Tower
17:02 Farm
17:57 Guard Tower
18:01 Farm
18:02 Farm
20:31 Scout Tower
21:00 Guard Tower
21:02 Scout Tower
21:31 Guard Tower
21:38 Town Hall
22:47 Scout Tower
22:57 Scout Tower
22:58 Scout Tower
22:59 Scout Tower
23:01 Scout Tower
23:09 Guard Tower
24:09 Guard Tower
24:53 Guard Tower
25:10 Guard Tower
30:52 Scout Tower
30:53 Scout Tower
30:53 Scout Tower
31:29 Guard Tower
32:14 Guard Tower
» items
| Scroll of Regeneration | 1 | |
| Potion of Healing | 2 | |
| Orb of Fire | 1 | |
| Lesser Clarity Potion | 1 | |
5 total
High_Seraphim (
purple | 35 APM | 1802 actions | 52:00)
4 Warden
2 Shadow Strike
2 Blink
» actions
| Assign group hotkey | 44 | |
| Basic commands | 241 | |
| Build / train | 41 | |
| Enter build submenu | 22 | |
| Enter hero's abilities submenu | 4 | |
| Give item / drop item | 6 | |
| Remove unit from queue | 1 | |
| Right click | 440 | |
| Select / deselect | 549 | |
| Select group hotkey | 346 | |
| Use ability | 107 | |
1802 total
» units
| Wisp | 14 | |
| Huntress | 7 | |
| Druid of the Claw | 4 | |
| Dryad | 3 | |
28 total
» upgrades
| Sentinel | 1 | |
| Druid of the Claw Training | 1 | |
2 total
» buildings
| Altar of Elders | 1 | |
| Moon Well | 8 | |
| Hunter's Hall | 1 | |
| Ancient of War | 1 | |
| Ancient Protector | 1 | |
| Ancient of Wonders | 1 | |
| Tree of Ages | 1 | |
| Ancient of Lore | 2 | |
| Tree of Eternity | 1 | |
| Tree of Life | 2 | |
19 total
» build order
00:04 Altar of Elders
00:09 Moon Well
01:31 Hunter's Hall
01:50 Ancient of War
02:20 Moon Well
02:23 Moon Well
02:33 Ancient Protector
03:04 Moon Well
03:08 Moon Well
03:25 Ancient of Wonders
05:18 Moon Well
06:01 Tree of Ages
07:26 Moon Well
08:49 Ancient of Lore
08:58 Ancient of Lore
10:12 Tree of Eternity
11:55 Moon Well
16:42 Tree of Life
17:57 Tree of Life
» items
| Dust of Appearance | 1 | |
| Lesser Clarity Potion | 1 | |
| Orb of Fire | 1 | |
| Staff of Teleportation | 1 | |
4 total
Chat log
(25:28 / All) TacoBellSwamp: gg
(25:30 / All) TacoBellSwamp: birdnoobs
(25:31 / All) NerotendoLXIV: gg
(25:33 / All) NerotendoLXIV: shitbits
(29:15 / All) TacoBellSwamp: gg
(29:17 / All) TacoBellSwamp: shitnoobs
(29:25 / All) Cathelwin: Really? You're a fucking moron
(29:35 / All) TacoBellSwamp: really? you're a fucking birdnoob
(29:39 / All) Cathelwin: Are you cool cause you can talk smack on the interweb?
(29:39 / All) NerotendoLXIV: bow birdnoob
(29:45 / All) TacoBellSwamp: are you cool because you love losing
(29:49 / All) Cathelwin: OMG, NOOB LAWLERSKATES
(29:50 / All) High_Seraphim: Did you know that it's a series of tubes!
(29:56 / All) TacoBellSwamp: go back to 4chan
(30:00 / All) NerotendoLXIV: bow birdbit
(30:03 / All) NerotendoLXIV: seriously
(30:05 / All) NerotendoLXIV: manner up please
(30:11 / All) Cathelwin: You dont even make sense you fucking moron?
(30:14 / All) TacoBellSwamp: nice
(30:15 / All) TacoBellSwamp: mortar
(30:17 / All) TacoBellSwamp: shitface
(30:20 / All) NerotendoLXIV: run your mortars into towers, that makes sense
(30:25 / All) Cathelwin: Youre gonna ask me to manner up after you're a fucking dick? Are you dumb?
(30:26 / All) NerotendoLXIV: and you don't have to swear
(30:29 / All) NerotendoLXIV: bird brain
(30:31 / All) TacoBellSwamp: mad child
(30:33 / All) TacoBellSwamp: quit child
(30:46 / All) Cathelwin: Have fun with my base, brb
(30:52 / All) TacoBellSwamp: peace have fun losing
(30:52 / All) NerotendoLXIV: ok?
(32:31 / All) NerotendoLXIV: hope you like level 1 spiked barricades
(32:42 / All) TacoBellSwamp: 'brb' cries orange
(32:44 / Allies) TacoBellSwamp: as he flare
(32:46 / All) TacoBellSwamp: as he flares
(32:52 / All) High_Seraphim: twas me
(32:56 / All) TacoBellSwamp: ah purple
(33:00 / All) Cathelwin: Actually, Im not mad at all. I'm sorta laughing
(33:00 / All) NerotendoLXIV: flare the expo just right of the tavern
(33:02 / All) TacoBellSwamp: the one with not a unit in sight
(33:16 / All) NerotendoLXIV: "I'm not mad" - some scrub 2009
(33:17 / All) TacoBellSwamp: congrates 'cathellose' you've begun grieving
(33:20 / All) TacoBellSwamp: you are on "denial"
(33:25 / All) Cathelwin: lol
(33:27 / All) TacoBellSwamp: in the kubler-ross model of grief
(33:35 / All) Cathelwin: gonna play some mw2... take care
(33:44 / All) TacoBellSwamp: bolt????
(33:50 / All) TacoBellSwamp: too slow
(33:52 / All) TacoBellSwamp: shitbitch
(34:00 / All) Cathelwin: right.. sure I wasnt typing..
(34:07 / All) NerotendoLXIV: bow
(34:11 / All) NerotendoLXIV: bird brain bit noob
(34:18 / All) TacoBellSwamp: right...keep crying, try to work in a foot kiss somewhere between those tears
(34:20 / All) Cathelwin: Bow to what? Shitty scouting by us?
(34:22 / All) TacoBellSwamp: that's right, kiss my feet
(34:23 / All) Cathelwin: Grats on that
(34:28 / All) TacoBellSwamp: you had a wisp in my base at like 45 seconds
(34:34 / All) TacoBellSwamp: you saw no rax, early mill
(34:41 / All) TacoBellSwamp: you have only your noob brains to blame
(35:08 / All) TacoBellSwamp: too
(35:09 / All) TacoBellSwamp: fucking
(35:10 / All) TacoBellSwamp: slow
(35:16 / All) TacoBellSwamp: do you have ten thumbs
(35:21 / All) TacoBellSwamp: are your hands composed entirely of thumbs
(35:22 / All) Cathelwin: OMG BLIZZAD. MAKE MEH BOLTS HAVE MAR RANG
(35:24 / All) TacoBellSwamp: if so i'm sorry
(35:29 / All) Cathelwin: I have 3 actually
(35:31 / All) Cathelwin: :'(
(35:34 / All) NerotendoLXIV: please
(35:46 / All) NerotendoLXIV: bow before the roman console
(35:52 / All) Cathelwin: console?
(35:58 / All) TacoBellSwamp: roman console
(36:02 / All) TacoBellSwamp: too complex for your idiot brain?
(36:05 / All) NerotendoLXIV: A knavish speech sleeps in a foolish ear.
(36:31 / All) High_Seraphim: Srysly! Build some units!
(36:41 / All) High_Seraphim: I want to play another and he won't leave untill you kill him
(36:44 / All) TacoBellSwamp: good
(36:47 / All) TacoBellSwamp: this is ownage then
(37:25 / All) TacoBellSwamp: haha your bolt is level1?
(37:34 / All) Cathelwin: NO M LVL 2 MK HAS LVL 2 BOLT
(38:03 / All) NerotendoLXIV: welp
(38:41 / All) NerotendoLXIV: Roma! Eterna!
(40:56 / All) TacoBellSwamp: purple
(41:02 / All) TacoBellSwamp: what kind of teammate doesn't let you leave
(41:07 / All) TacoBellSwamp: do you play with your dad?
(41:08 / All) High_Seraphim: I know right?
(41:11 / All) High_Seraphim: A mad one
(41:16 / All) NerotendoLXIV: Oh well
(41:16 / All) TacoBellSwamp: oh he's suiciding
(41:18 / All) Cathelwin: The stubborn kind? The kind that enjoys wasting your time?
(41:19 / All) TacoBellSwamp: thanks orange
(41:25 / All) High_Seraphim: that's me
(41:30 / All) TacoBellSwamp: listen we're spending this time winning in a relaxing fashion
(41:33 / All) High_Seraphim: I want to LEAVE
(41:36 / All) TacoBellSwamp: you're spending this time on an angry loss
(41:40 / All) TacoBellSwamp: i'm fine with that
(41:48 / All) Cathelwin: lol, No, im not mad we lost.
(42:08 / All) Cathelwin: Im annoyed at little 15 year olds that are morons and think its funny to talk trash online.
(42:11 / All) High_Seraphim: How am I supposed to kill him if you kill all his tanks?
(42:15 / All) TacoBellSwamp: i think it's funny to make you cry this hard
(42:18 / All) NerotendoLXIV: we brought bats
(42:20 / All) TacoBellSwamp: gg
(42:28 / All) Cathelwin: I'd love to meet you. If you ever had the nuts to talk to me like that in real life, I'd fucking end you.
(42:33 / All) TacoBellSwamp: where you from?
(42:38 / All) Cathelwin: KY
(42:40 / All) TacoBellSwamp: hahaha
(42:41 / All) NerotendoLXIV: Where you from broheim
(42:42 / All) NerotendoLXIV: lmoa
(42:42 / All) High_Seraphim: oh blue that was insightbful
(42:42 / All) TacoBellSwamp: no wonder you're mad
(42:48 / All) TacoBellSwamp: you're inbred
(42:48 / All) High_Seraphim: We brought bats
(43:01 / All) Cathelwin: And let me guess, you're a super smart rich nigger right?
(43:04 / All) NerotendoLXIV: Bats are units introduced in the expansion
(43:05 / All) TacoBellSwamp: basically
(43:07 / All) NerotendoLXIV: yes?
(43:09 / All) Cathelwin: Or just the normal nigger kind.
(43:11 / All) NerotendoLXIV: i go to medical school and i'm black?
(43:12 / All) TacoBellSwamp: let me know when you ever make it up to toronto
(43:18 / All) TacoBellSwamp: give me a call 647-869-9830
(43:32 / All) TacoBellSwamp: i'll take you out to dinner
(43:35 / All) TacoBellSwamp: show you the big city life
(43:37 / All) Cathelwin: lol
(43:40 / All) Cathelwin: Big City?
(43:45 / All) Cathelwin: I was raised in Detroit...
(43:47 / All) NerotendoLXIV: i also have a korean girlfriend i've recently begun having sex with, its a bit awkward since she's shy
(43:47 / All) Cathelwin: ><
(43:57 / All) Cathelwin: Oh!
(44:02 / All) Cathelwin: Never been with an asian
(44:06 / All) NerotendoLXIV: i know!
(44:11 / All) Cathelwin: Mexican ever?
(44:14 / All) Cathelwin: Well, she was half
(44:16 / All) Cathelwin: But WOW
(44:30 / All) TacoBellSwamp: so orange
(44:33 / All) NerotendoLXIV: son, they call me el thriller in san quentilla
(44:35 / All) TacoBellSwamp: can you describe how you'd end me
(44:42 / All) TacoBellSwamp: does it involve a gun
(44:49 / All) Cathelwin: Hum...
(44:52 / All) NerotendoLXIV: bare fisted murder shaolin style
(45:05 / All) NerotendoLXIV: staten island etc
(45:10 / All) NerotendoLXIV: the forgotten borough
(45:18 / All) Cathelwin: Dutch Oven
(45:20 / All) Cathelwin: =p
(45:25 / All) TacoBellSwamp: ok hang on
(45:25 / All) NerotendoLXIV: thats not very wutang
(45:30 / All) TacoBellSwamp: you called us 15 year olds
(45:30 / All) Cathelwin: TO DEATH!
(45:33 / All) TacoBellSwamp: and you're dropping a =p
(45:49 / All) Cathelwin: Is there another way to express motion through text?
(45:54 / All) Cathelwin: Short of saying "EMOTION"
(45:56 / All) TacoBellSwamp: motion
(45:57 / All) TacoBellSwamp: yes
(46:01 / All) TacoBellSwamp: km/s
(46:03 / All) Cathelwin: oh
(46:05 / All) TacoBellSwamp: m/s
(46:07 / All) TacoBellSwamp: ft/s
(46:07 / All) Cathelwin: SILLY
(46:15 / All) Cathelwin: Better?
(46:25 / All) Cathelwin: I suggest peasent attacks btw
(46:27 / All) TacoBellSwamp: you can also express emotion through text via "Words"
(46:41 / All) TacoBellSwamp: as in, hey orange, you piece of shit, can you tell how derisive i'm being?
(47:05 / All) Cathelwin: omg! you're hugging me!
(47:19 / All) Cathelwin: A face!
(47:24 / All) Cathelwin: Oh, you ruined it
(47:29 / All) Cathelwin: It was a smiley face!
(47:35 / All) TacoBellSwamp: well aren't you just the dandiest little bitch
(47:35 / All) NerotendoLXIV: i am smiling nigger
(47:45 / All) Cathelwin: I try, oh so very hard.
(47:56 / All) TacoBellSwamp: orange you never described how you were going to end me
(48:01 / All) TacoBellSwamp: because you're mad about losing
(48:16 / All) TacoBellSwamp: and try to do it without emoticons, though i know it's an emotional topic
(48:22 / All) TacoBellSwamp: shitface
(48:34 / All) Cathelwin: You talk so much about using words, try reading them! I'm not upset about losing! I'm upset because you're a stupid piece of
(48:38 / All) Cathelwin: shit who talks crap online.
(48:43 / All) TacoBellSwamp: "crap"
(48:48 / All) TacoBellSwamp: how old are you?
(48:54 / All) Cathelwin: Its like competing in the retard olympics. Even if you win, YOU ARE STILL RETARDED.
(48:55 / All) TacoBellSwamp: are you worried your mom is going to read over your shoulder?
(49:08 / All) TacoBellSwamp: WOW did your parents just sign up for kentucky online?
(49:12 / All) TacoBellSwamp: that picture is literally 20 years old
(49:52 / All) NerotendoLXIV: it's wu mother fucker
(49:55 / All) NerotendoLXIV: a wu tang mother fucker
(50:39 / All) Cathelwin: Alright guys. Pleasure playing with you! Gonna go ahead and give in to Sera's wishs.
(50:46 / All) TacoBellSwamp: leave
(50:47 / All) TacoBellSwamp: and bow
(50:50 / All) NerotendoLXIV: Bow
(50:51 / All) TacoBellSwamp: shitnerds
(51:02 / All) Cathelwin: One day I guess... gl
(51:10 / All) NerotendoLXIV: last word?
(51:15 / All) TacoBellSwamp: "you suck"
(51:47 / All) TacoBellSwamp: high seraphim are you genuinely interested in hebrew mythology
(51:54 / All) TacoBellSwamp: or did you learn that word from a video game